Natascha, Plateau Boot Lover, chaotic female human Samurai ------ 5 .5..| ---------..-- ----- |.......|.5.-- --....$. |....A..|.%..---.`...... |...@..@.V@@@.-......%... |...@A.@|4...---..%%.%... |.......|...-- --...%...- ---------..-- ----%---- ..5| |).?------- ----- |......%..| -------...- |....- ---...- ... - Natascha, Plateau Boot Lover the Kokushu Experience level: 21 Strength: 25 Dexterity: 18 Constitution: 18 Intelligence: 14 Wisdom: 10 Charisma: 10 Health: 244(248) Energy: 97(97) Def: 34 Gold: 0 Moves: 33042 Dungeon seed: et_ekZZuTFcqjVU_ Game ID: Natascha, Plateau Boot Lover_1527921412 Your Inventory: Amulets D - an uncursed amulet of life saving (being worn) Weapons a - the blessed rustproof +6 Snickersnee (weapon in hand) b - 25 uncursed +0 shuriken (in quiver) k - an uncursed +0 shuriken Armor d - a blessed thoroughly burnt +2 cloak of invisibility (being worn) n - an uncursed greased +3 gray dragon scale mail (being worn) q - a blessed fireproof +3 pair of speed boots (being worn) y - an uncursed greased rustproof +2 pair of gauntlets of power (being worn) z - a blessed +2 T-shirt (being worn) N - a blessed greased +3 shield of reflection (being worn) O - an uncursed +2 dented pot Y - a cursed greased rustproof +3 helm of opposite alignment named GoldenIvy I want to marry you! (being worn) Comestibles f - an uncursed C-ration g - 2 uncursed K-rations o - a cursed lizard corpse Spellbooks P - the uncursed Book of the Dead Potions X - an uncursed potion of full healing Rings F - a blessed ring of levitation H - an uncursed ring of conflict (on right hand) U - an uncursed ring of warning (on left hand) Wands v - an uncursed wand of death (0:1) Tools h - an uncursed -1 unicorn horn i - an uncursed blindfold l - an uncursed sack r - an uncursed stethoscope s - a blessed greased bag of holding t - the uncursed Bell of Opening (0:2) u - an uncursed osaku x - a blessed +0 pick-axe (alternate weapon; not wielded) G - the uncursed Candelabrum of Invocation (no candles attached) (0:0) J - a blessed magic marker (1:2) L - a blessed magic lamp (lit) V - a blessed greased fireproof magic marker (1:4) Gems e - a cursed touchstone Contents of the sack: a blessed scroll of remove curse a potion of holy water Contents of the bag of holding: an uncursed amulet of reflection a cursed [-1] shuriken 9 uncursed K-rations an uncursed candy bar an uncursed eucalyptus leaf an uncursed partly eaten gunyoki named Amy <3 jonadab 3 uncursed lumps of royal jelly 2 uncursed sprigs of wolfsbane 5 blessed scrolls of blank paper 9 uncursed scrolls of blank paper 2 cursed scrolls of blank paper an uncursed scroll of charging an uncursed scroll of consecration a cursed scroll of create monster an uncursed scroll of destroy armor 3 uncursed scrolls of earth 3 uncursed scrolls of enchant armor a cursed scroll of enchant armor 2 uncursed scrolls of enchant weapon 2 cursed scrolls of enchant weapon 3 uncursed scrolls of identify a cursed scroll of identify an uncursed scroll of punishment 2 uncursed scrolls of remove curse a cursed scroll of remove curse 2 blessed scrolls of teleportation 7 uncursed scrolls of teleportation a cursed scroll of teleportation an uncursed scroll of wishing an uncursed potion of enlightenment 7 uncursed potions of full healing a blessed potion of gain energy 3 cursed potions of gain level a blessed potion of healing 3 uncursed potions of healing 17 potions of holy water an uncursed potion of invisibility an uncursed potion of paralysis an uncursed potion of polymorph 3 uncursed potions of restore ability a blessed potion of speed 3 uncursed potions of speed an uncursed ring of free action a cursed ring of polymorph an uncursed ring of polymorph control an uncursed ring of slow digestion an uncursed wand of cold (0:5) an uncursed wand of cold (0:5) an uncursed wand of cold (0:2) an uncursed wand of cold (0:1) an uncursed wand of create monster [0:0] an uncursed wand of death (0:6) an uncursed wand of death (0:1) an uncursed wand of death (0:0) an uncursed wand of death named Orcus many charges wasted (0:1) an uncursed wand of digging [0:5] an uncursed wand of enlightenment (0:12) an uncursed wand of enlightenment (0:9) an uncursed wand of fire (0:6) an uncursed wand of light (0:7) an uncursed wand of lightning (0:6) an uncursed wand of lightning (0:1) an uncursed wand of polymorph (0:5) an uncursed wand of polymorph [0:5] an uncursed wand of probing (0:1) an uncursed wand of speed monster [0:0] an uncursed wand of striking (0:3) an uncursed wand of striking [0:5] a blessed wand of teleportation (0:3) an uncursed can of grease [0:10] an uncursed expensive camera [0:39] an uncursed magic whistle Spells and supernatural/magical abilities: Name Level Category Fail Memory a - magic missile 2* attack 100% 0% W - pray for help -- divine ? -- Your skills at the end: Miscellaneous Skills martial arts [Basic] shield [Skilled] wands [Skilled] Weapon Skills short sword [Basic] long sword [Expert] bow [Basic] shuriken [Skilled] Spellcasting Skills Final Attributes: You were fervently aligned. You were fire resistant. You were cold resistant. You were sleep resistant. You were disintegration-resistant. You were shock resistant. You were poison resistant. You were magic-protected. You saw invisible. You were telepathic. You were warned. You were invisible to others. You were somewhat stealthy. You caused conflict. You were protected. You were very fast. You had reflection. You had free action. Your life would have been saved. You survived. Vanquished creatures: Orcus Yeenoghu Juiblex The Wizard of Yendor (6 times) Famine a high priest an ancient blue dragon 5 mammoths Vlad the Impaler Medusa Croesus an elder white dragon an elder black dragon 2 elder blue dragons 2 iron golems a master lich 2 gray dragons a silver dragon 12 red dragons 6 white dragons an orange dragon 6 black dragons 4 blue dragons a green dragon a yellow dragon 10 storm giants a titan 4 deep ettins 6 glass golems 11 balrogs 6 purple worms 11 minotaurs 5 jabberwocks Ashikaga Takauji 8 baluchitheria 2 Angels a young gray dragon a young silver dragon 4 young red dragons 2 young white dragons 5 young black dragons 59 young blue dragons 3 young yellow dragons 2 demiliches 7 stone golems 7 master mind flayers 7 Olog-hai 6 Nazgul 12 pit fiends 12 sandestins a hell hound 9 titanotheres a baby red dragon a baby black dragon a baby green dragon 2 gryphons a disenchanter 33 vampire lords 6 shades 5 skeletons a shopkeeper 12 aligned priests 5 captains 7 nurses 10 ice devils 6 nalfeshnees 4 lurkers above 3 frost giants a golden naga 8 black puddings 24 vampires 33 ghosts 4 ettins 9 lieutenants a caveman a healer a priestess a ranger 10 samurai a wizard 2 queen bees 6 winged gargoyles 5 mind flayers 5 giant mimics 9 ogre kings 6 Elvenkings 2 ice trolls 12 rock trolls 15 umber hulks 8 flesh golems 13 doppelgangers 15 hezrous 31 bone devils 4 salamanders 5 large mimics 3 wumpuses 2 fire vortices 5 long worms 46 stalkers 5 air elementals 6 fire elementals 4 earth elementals 6 water elementals 5 hill giants 4 giant mummies 9 elf-lords 2 xorns 14 giant zombies 25 sergeants 3 barbed devils 34 vrocks 16 wargs a winter wolf 6 hell hound pups 13 quantum mechanics 16 small mimics an island nymph 5 glass piercers 6 warhorses 10 steam vortices 20 xans 4 ettin mummies 10 ogre lords 29 trolls 3 wood golems 2 erinyes 12 mariliths a djinni 2 pyrolisks a large dog 7 freezing spheres 11 flaming spheres 6 shocking spheres 2 large cats 8 tigers 10 gargoyles a dwarf king 4 tengu 7 gelatinous cubes 7 ochre jellies 2 crocodiles 6 chameleons 5 leocrottas 4 energy vortices 6 mountain centaurs 3 giants 9 elf mummies 2 human mummies 3 red nagas 6 green slimes 15 Grey-elves 8 pit vipers 4 pythons 4 cobras 40 wraiths 14 ettin zombies 5 leather golems 95 soldiers 2 horned devils 7 succubi 8 incubi 14 giant beetles 6 cockatrices 78 wolves 4 winter wolf cubs 13 black lights 3 lynxes 2 panthers 98 gremlins 3 leprechauns 8 quivering blobs 5 spotted jellies 18 lizards 3 mountain nymphs 8 orc-captains 4 mumakil 6 giant spiders 12 scorpions 5 iron piercers 5 horses 2 ice vortices 11 vampire bats 10 forest centaurs 10 gnome kings an orc mummy 5 dwarf mummies 6 ogres 14 Green-elves 3 rust monsters 11 owlbears 9 yetis 7 gold golems 7 werewolves 5 piranhas 6 giant eels 18 ninja 10 chickatrices 2 dogs 2 dingos 2 housecats 9 jaguars 2 blue jellies 10 water nymphs a gray unicorn 8 black unicorns 5 dust vortices 33 ravens 9 plains centaurs 2 gnome mummies 11 Woodland-elves 6 snakes 10 apes 20 human zombies 4 rope golems 8 soldier ants 11 fire ants 11 yellow lights 21 bugbears 6 imps 6 wood nymphs 6 Mordor orcs 7 Uruk-hai 8 orc shamans 4 rock moles 5 rock piercers a pony 4 fog clouds 5 shriekers 4 violet fungi 25 gnome lords 4 gnomish wizards 2 kobold mummies 2 red naga hatchlings 4 gray oozes 3 barrow wights 14 elf zombies 16 ghouls 3 paper golems 2 jellyfish 13 giant ants 6 puppies 6 floating eyes 10 dwarves 3 homunculi 3 quasits a kobold lord 4 kobold shamans 9 iguanas 14 hill orcs 6 rothes 3 rabid rats a centipede 12 jitterbugs 5 giant bats 9 monkeys 23 orc zombies 18 dwarf zombies 2 wererats 2 werejackals 41 killer bees 5 coyotes 3 gas spores a hobbit 5 acid blobs a large kobold 5 geckos 27 hobgoblins 23 giant rats 9 cave spiders 3 brown molds 4 yellow molds a red mold 53 gnomes 7 garter snakes 11 manes 22 gnome zombies 18 jackals 4 foxes 3 kobolds 12 newts 5 goblins 6 sewer rats 14 grid bugs 4 bats 12 lichens 15 kobold zombies 4 humans 2452 creatures vanquished. Genocided or extinct species: chickatrices cockatrices pyrolisks wood nymphs water nymphs mountain nymphs island nymphs elder black dragons ancient black dragons liches demiliches master liches arch-liches rust monsters disenchanters xorns umber hulks ettins deep ettins erinyes (extinct) jellyfish piranhas sharks giant eels electric eels krakens 25 species genocided. 1 species extinct. Voluntary challenges: You were not displaced. You used a wielded weapon 4215 times, starting on turn 1. You did not use sinks. You read items or engraved 57 times, starting on turn 1762. You genocided 25 types of monsters, starting on turn 5317. You never polymorphed an object. You never changed form. You completed Sokoban on turn 4628, according to the rules. You used 7 wishes, starting on turn 7675. You did not wish for any artifacts. You split 2 puddings, starting on turn 19488. You wrote Elbereth's name 1 time, starting on turn 1762. You violated bushido, losing 10 points of alignment, starting on turn 2472. Dungeon overview: The Dungeons of Doom: levels 1 to 31 Level 1 some fountains stairs to The Elemental Planes Level 2 Level 3 a potion shop stairs to The Gnomish Mines Level 4 an altar to Amaterasu Omikami, a fountain Level 5 a general store Level 6 Level 7 some fountains, a sink Level 8 Level 9 a fountain stairs to Sokoban Level 10 some fountains Level 11 some fountains Level 12 (useless stash) a fountain Level 13 Level 14 Level 15 a fountain portal to The Quest Level 16 a potion shop Level 17 Level 18 Level 19 (vault) portal to Fort Ludios Level 20 (another stupid stash) an altar to Amaterasu Omikami Level 21 Level 22 a hardware shop Level 23 Level 24 an altar to Raijin Level 25 Level 26 many trees Level 27 Level 28 Level 29 Level 30 Level 31 many sinks, many benchs Gehennom: levels 32 to 58 Level 32 a temple to Moloch, a magic chest stairs to The Dungeons of Doom Level 33 Level 34 Level 35 many trees Level 36 a magic chest Level 37 Level 38 Level 39 Level 40 some fountains Level 41 some shops, an altar to Moloch, a magic chest Level 42 Level 43 Level 44 a magic chest stairs to Vlad's Tower Level 45 Level 46 Level 47 a magic chest Level 48 Level 49 portal to Gehennom Level 50 Level 51 Level 52 Level 53 Level 54 Level 55 portal to Gehennom Level 56 Level 57 Level 58 The Gnomish Mines: levels 4 to 12 Level 4 stairs to The Dungeons of Doom Level 5 Level 6 many shops, a temple to Amaterasu Omikami, a magic chest, some fountains, a sink Level 7 Level 8 Level 9 Level 10 Level 11 Level 12 a fountain The Quest: levels 1 to 5 Level 1 a magic chest portal to The Dungeons of Doom Level 2 Level 3 Level 4 Level 5 Sokoban: levels 5 to 8 Level 5 a magic chest Level 6 a delicatessen, a magic chest Level 7 Level 8 a magic chest stairs to The Dungeons of Doom Fort Ludios: Level 1 a magic chest portal to The Dungeons of Doom Vlad's Tower: levels 41 to 43 Level 41 Level 42 an altar to Moloch Level 43 stairs to Gehennom The Elemental Planes: Astral Plane <- You were here a high altar Plane 4 portal to The Elemental Planes Plane 3 portal to The Elemental Planes Plane 2 portal to The Elemental Planes Plane 1 portal to The Elemental Planes History has recorded: On T:1 you entered the Dungeons of Doom to retrieve the Amulet of Yendor! On T:122 you reached level 2 of The Dungeons of Doom. On T:145 you reached level 3 of The Dungeons of Doom. On T:230 you advanced to experience level 2. On T:238 you reached level 4 of The Dungeons of Doom. On T:332 you advanced to experience level 3. On T:372 you reached level 5 of The Dungeons of Doom. On T:384 you advanced to experience level 4. On T:523 you reached level 6 of The Dungeons of Doom. On T:642 you reached level 7 of The Dungeons of Doom. On T:672 you reached level 8 of The Dungeons of Doom. On T:684 you advanced to experience level 5. On T:693 you advanced to experience level 6. On T:830 you reached level 1 of The Gnomish Mines. On T:969 you reached level 2 of The Gnomish Mines. On T:1078 you reached level 3 of The Gnomish Mines. On T:1120 you advanced to experience level 7. On T:1132 you entered the Minetown temple On T:1266 you opened a magic chest. On T:1493 you received Snickersnee from Amaterasu Omikami. On T:1630 you reached level 4 of The Gnomish Mines. On T:1648 you reached level 5 of The Gnomish Mines. On T:1709 you reached level 6 of The Gnomish Mines. On T:1747 you reached level 7 of The Gnomish Mines. On T:2078 you advanced to experience level 8. On T:2289 you reached level 8 of The Gnomish Mines. On T:2348 you reached level 9 of The Gnomish Mines. On T:2348 you reached the bottom of the Mines. On T:3025 you reached level 9 of The Dungeons of Doom. On T:3186 you reached level 4 of Sokoban. On T:3361 you reached level 3 of Sokoban. On T:3702 you advanced to experience level 9. On T:3716 you reached level 2 of Sokoban. On T:3945 you reached level 1 of Sokoban. On T:4628 you advanced to experience level 10. On T:4628 you entered the Sokoban zoo. On T:4904 you reached level 10 of The Dungeons of Doom. On T:5212 you reached level 11 of The Dungeons of Doom. On T:5412 you reached level 12 of The Dungeons of Doom. On T:5681 you reached level 13 of The Dungeons of Doom. On T:5885 you reached level 14 of The Dungeons of Doom. On T:5936 you reached level 15 of The Dungeons of Doom. On T:6346 you reached level 1 of The Quest. On T:6507 you reached level 16 of The Dungeons of Doom. On T:6695 you reached level 17 of The Dungeons of Doom. On T:6695 you entered the Rogue tribute level. On T:6786 you advanced to experience level 11. On T:6921 you reached level 18 of The Dungeons of Doom. On T:7214 you reached level 19 of The Dungeons of Doom. On T:7463 you reached level 20 of The Dungeons of Doom. On T:7675 you wished for "blessed greased fixed +3 gray dragon scale mail". On T:7911 you wished for "blessed greased fixed +3 gauntlets of power". On T:9162 you prayed to Amaterasu Omikami. On T:10039 you advanced to experience level 12. On T:12795 you reached level 21 of The Dungeons of Doom. On T:13061 you reached level 22 of The Dungeons of Doom. On T:13304 you reached level 23 of The Dungeons of Doom. On T:13484 you prayed to Amaterasu Omikami. On T:13771 you prayed to Amaterasu Omikami. On T:15002 you received Frost Brand from Amaterasu Omikami. On T:15641 you reached Fort Ludios. On T:16016 you advanced to experience level 13. On T:16141 you killed Croesus in Fort Ludios. On T:17908 you reached level 24 of The Dungeons of Doom. On T:18056 you reached level 25 of The Dungeons of Doom. On T:18073 you reached level 26 of The Dungeons of Doom. On T:18183 you reached level 27 of The Dungeons of Doom. On T:18184 you killed Medusa on level 27 of The Dungeons of Doom. On T:18253 you reached level 30 of The Dungeons of Doom. On T:18307 you reached level 29 of The Dungeons of Doom. On T:18523 you reached level 28 of The Dungeons of Doom. On T:18971 you reached The Castle. On T:19321 you reached The Valley of the Dead. On T:19767 you reached level 2 of Gehennom. On T:20387 you wished for "blessed greased fixed +3 speed boots". On T:20395 you wished for "blessed greased fixed magic marker". On T:21401 you advanced to experience level 14. On T:21420 you embarked upon an epic quest. On T:21439 you reached level 2 of The Quest. On T:21562 you reached level 3 of The Quest. On T:21710 you reached level 4 of The Quest. On T:21920 you reached level 5 of The Quest. On T:22155 you killed Ashikaga Takauji on level 5 of The Quest. On T:22411 you completed the quest! On T:23065 you reached level 3 of Gehennom. On T:23308 you reached level 4 of Gehennom. On T:23331 you reached level 5 of Gehennom. On T:23563 you reached level 6 of Gehennom. On T:23672 you reached level 7 of Gehennom. On T:23685 you reached level 8 of Gehennom. On T:24355 you reached level 9 of Gehennom. On T:24697 you reached level 10 of Gehennom. On T:25044 you advanced to experience level 15. On T:25045 you advanced to experience level 16. On T:25046 you advanced to experience level 17. On T:25047 you advanced to experience level 18. On T:25047 you advanced to experience level 19. On T:25347 you killed Orcus on level 9 of Gehennom. On T:25456 you reached level 11 of Gehennom. On T:25740 you reached level 12 of Gehennom. On T:26007 you reached level 13 of Gehennom. On T:26048 you reached level 3 of Vlad's Tower. On T:26095 you reached level 2 of Vlad's Tower. On T:26287 you reached level 1 of Vlad's Tower. On T:26306 you killed Vlad the Impaler on level 1 of Vlad's Tower. On T:26321 you wished for "blessed greased fixed +3 shield of reflection". On T:26650 you reached level 14 of Gehennom. On T:26846 you reached level 15 of Gehennom. On T:26941 you reached level 16 of Gehennom. On T:27105 you reached level 17 of Gehennom. On T:27565 you reached level 18 of Gehennom. On T:27898 you reached level 19 of Gehennom. On T:28027 you reached level 20 of Gehennom. On T:28141 you reached level 21 of Gehennom. On T:28248 you reached level 22 of Gehennom. On T:28351 you reached level 23 of Gehennom. On T:28427 you reached level 24 of Gehennom. On T:28508 you reached level 25 of Gehennom. On T:28592 you reached level 26 of Gehennom. On T:30372 you killed Wizard of Yendor on level 16 of Gehennom. On T:30386 you advanced to experience level 20. On T:30585 you wished for "7 blessed greased fixed candles named fuck this low weight limit". On T:30588 you performed the invocation. On T:30589 you reached level 27 of Gehennom. On T:30831 you killed high priest of Moloch on level 27 of Gehennom. On T:30834 you gained the Amulet of Yendor! On T:30837 you lost the Amulet of Yendor. On T:30837 you gained the Amulet of Yendor! On T:30892 you advanced to experience level 21. On T:31292 you killed Wizard of Yendor on level 15 of Gehennom. On T:31293 you killed Wizard of Yendor on level 15 of Gehennom. On T:31525 you killed Juiblex on level 9 of Gehennom. On T:32784 you reached the Plane of Earth. On T:32788 you killed Wizard of Yendor on the Plane of Earth. On T:32809 you killed Wizard of Yendor on the Plane of Earth. On T:32810 you killed Wizard of Yendor on the Plane of Earth. On T:32842 you reached the Plane of Air. On T:32880 you reached the Plane of Fire. On T:32904 you reached the Plane of Water. On T:32992 you reached the Astral Plane. On T:33030 you killed Famine on the Astral Plane. On T:33038 you wished for "blessed greased fixed +3 helm of opposite alignment named GoldenIvy I want to marry you!". On T:33042 you lost the Amulet of Yendor. On T:33042 you offered the Amulet of Yendor to Susanowo and ascended to the status of Demigoddess! Score breakdown: Gold: 0 ( 0 points) Experience: 21 levels ( 2000 points) Exploration: 58 levels ( 2000 points) Discoveries: 94 items ( 2000 points) Variety of kills: 287 monsters ( 2000 points) Major goal: ascended ( 5000 points) Ascension bonuses Valuables value: 300 ( 30 points) Artifacts: 1 ( 1000 points) Speed bonus: 33042 turns ( 3347 points) Conduct bonus: 4 conducts ( 6400 points) Survival: ascended (score multiplied by 10) Total score: 237770 Latest messages: The priestess of Raijin misses the vampire. The priestess of Raijin kicks the vampire. The priestess of Raijin points at the vampire, then curses. The vampire scratches the priestess of Raijin. The vampire bites the priestess of Raijin. The priestess of Raijin suddenly seems weaker! The priest of Raijin hurls a potion of sleeping! The potion of sleeping misses the Angel of Amaterasu Omikami. A potion of sleeping shatters! You smell a peculiar odor... You yawn. The priestess of Amaterasu Omikami wields a mace! The mace welds itself to the priestess of Amaterasu Omikami's hand! There is an altar to Susanowo (chaotic) here. You offer the Amulet of Yendor to Susanowo... Your conscience bothers you a little less. An invisible choir sings, and you are bathed in radiance... The voice of Susanowo booms: "Congratulations, mortal!" "In return for thy service, I grant thee the gift of Immortality!" You ascend to the status of Demigoddess... Final status: Sayonara Natascha, Plateau Boot Lover the Demigoddess, ascended... You went to your reward with 237770 points, Snickersnee (worth 1200 zorkmids) 1 amulet of life saving (worth 150 zorkmids), 1 amulet of reflection (worth 150 zorkmids), and 0 pieces of gold, after 33042 moves. You were level 21 with a maximum of 248 hit points when you ascended.